 Dungeon Crawl Stone Soup version 0.26.1-11-gd32895ea62 (webtiles) character file.

Game seed: 17817135731673218137

11651 bigdumb the Blocker (level 11, -3/133 HPs)
             Began as a Demigod Fighter on June 20, 2021.
             Slain by a troll (4 damage)
             ... on level 12 of the Dungeon.
             The game lasted 00:32:54 (15329 turns).

bigdumb the Blocker (Demigod Fighter)              Turns: 15329, Time: 00:32:54

Health: -3/133     AC: 25    Str: 23    XL:     11   Next: 27%
Magic:  14/14      EV:  2    Int: 12    God:
Gold:   583        SH: 12    Dex: 17    Spells: 9/10 levels left

rFire    + . .     SeeInvis +   g - +2 short sword (venom)
rCold    . . .     Faith    .   c - +0 kite shield
rNeg     + + +     Spirit   .   (armour currently unavailable)
rPois    +         Reflect  .   (helmet currently unavailable)
rElec    .         Harm     .   (cloak currently unavailable)
rCorr    .         Rampage  .   (gloves currently unavailable)
Will     +....     NoTele   +   (boots currently unavailable)
Stlth    ++........             A - amulet of magic regeneration
HPRegen  0.32/turn              p - ring of protection from fire
MPRegen  0.39/turn              m - ring of see invisible

@: tree-form (expiring)
A: high mp 1
a: no special abilities


You were on level 12 of the Dungeon.
You were a tree.
You visited 1 branch of the dungeon, and saw 12 of its levels.

You collected 583 gold pieces.

Inventory:

Hand Weapons
 d - a +0 rapier
 g - a +2 short sword of venom (weapon)
 n - a +0 falchion
Armour
 a - the +5 ring mail of the Snail (melded) {rPois Regen+ Str-4 Dex+2}
   (You found it on level 8 of the Dungeon)

   It affects your strength (-4).
   It affects your dexterity (+2).
   It protects you from poison.
   It increases your rate of regeneration.
 b - a +0 scale mail
 c - a +0 kite shield (worn)
 h - a +0 chain mail
 j - a +1 pair of boots (melded)
 s - a +0 plate armour
 w - a +2 cloak (melded)
Jewellery
 l - an uncursed amulet of the acrobat
 m - a ring of see invisible (right branch)
 p - a ring of protection from fire (left branch)
 q - an uncursed ring of resist corrosion
 r - an uncursed amulet of the acrobat
 A - an amulet of magic regeneration (around neck)
Wands
 k - a wand of digging (5)
 v - a wand of iceblast (4)
 y - a wand of disintegration (6)
Scrolls
 e - 7 scrolls of remove curse
 i - 11 scrolls of identify
 o - 3 scrolls of fear
 u - 2 scrolls of teleportation
 x - a scroll of noise
 D - a scroll of enchant armour
 F - a scroll of magic mapping
Potions
 t - a potion of attraction
 z - a potion of flight


   Skills:
 + Level 6.1 Fighting
 - Level 0.3(5.1) Short Blades
 * Level 8.3 Long Blades
 + Level 6.7 Armour
 * Level 8.3 Dodging
 - Level 0.1 Stealth
 + Level 9.7 Shields


You had 9 spell levels left.
You knew the following spells:

 Your Spells              Type           Power        Failure   Level
a - Beastly Appendage     Tmut           0%           54%         1

Your spell library contained the following spells:

 Spells                   Type           Power        Failure   Level
 Wereblood                Tmut           0%           69%         2
 Spider Form              Tmut/Pois      0%           89%         3
 Ice Form                 Ice/Tmut       0%           100%        4
 Blade Hands              Tmut           0%           100%        5
 Bolt of Magma            Conj/Fire/Erth 0%           100%        5
 Iskenderun's Battlesphe  Conj           0%           100%        5
 Iron Shot                Conj/Erth      0%           100%        6
 Orb of Destruction       Conj           0%           100%        7
 Spellforged Servitor     Conj/Summ      0%           100%        7


Dungeon Overview and Level Annotations

Branches:
Dungeon (12/15)            Temple (0/1) D:4            Lair (0/6) D:9
    Orc (0/2) D:10

Shops:
D:6 (=(!   D:7 [   D:10 =

Annotations:
D:9 exclusion: oklob plant


Innate Abilities, Weirdness & Mutations

You have an increased reservoir of magic. (+10% MP)


Message History

* * * LOW HITPOINT WARNING * * *
The troll claws you but does no damage. The troll claws you.
* * * LOW HITPOINT WARNING * * *
The phantom blinks!
The centaur hits you but does no damage.
The troll bites you but does no damage. The troll claws you but does no damage.
The troll claws you.
* * * LOW HITPOINT WARNING * * *
You block the centaur's attack. You block the centaur's attack.
The troll bites you but does no damage. The troll claws you but does no damage.
You block the troll's attack.
The centaur hits you but does no damage.
You block the troll's attack. The troll claws you but does no damage.
The troll claws you!
* * * LOW HITPOINT WARNING * * *
The centaur hits you but does no damage.
You cannot teleport because you are held in place by your roots.
You block the centaur's attack. The troll bites you but does no damage.
The troll claws you.
You die...

###### .....#
## .....
##.##...####
#...........
#.......?...
#..TcW......
#.♣##....##
#..†#......
###..........
#.......##...
###...###
##..## #...#
##<## #.#


You could see a troll, a phantom and a centaur.

Vanquished Creatures
  2 hydras
  A boulder beetle (D:8)
  A centaur warrior (D:9)
  A cyclops (D:11)
  Joseph (D:8)
  A komodo dragon (D:9)
  3 trolls
  A hornet (D:9)
  A meliai zombie (D:10)
  A wraith (D:10)
  3 yaks (D:11)
  A warg (D:10)
  3 water moccasins
  5 orc warriors
  An ice beast (D:9)
  A necrophage (D:7)
  4 black bears
  2 ogres
  5 centaurs
  A sky beast (D:6)
  A big kobold (D:8)
  Blork the orc (D:4)
  7 bullfrogs
  A wyvern zombie (D:11)
  3 scorpions (D:8)
  25 killer bees
  6 wights
  A howler monkey (D:12)
  A lava snake (D:9)
  A centaur zombie (D:10)
  2 bullfrog zombies
  7 hounds
  8 orc priests
  14 jellies
  11 orc wizards
  10 worker ants
  3 killer bee zombies
  2 hound skeletons
  A howler monkey zombie (D:9)
  2 worker ant zombies
  13 gnolls
  9 adders
  A shadow imp (D:5)
  A white imp (D:9)
  3 ufetubi
  12 oozes (D:9)
  An adder zombie (D:5)
  2 adder skeletons
  2 worms
  2 dart slugs (D:1)
  5 leopard geckos
  33 orcs
  A ball python (D:4)
  4 bat zombies (D:2)
  9 giant cockroaches
  8 goblins
  9 hobgoblins
  5 jackals
  6 quokkas
  6 bats
  9 frilled lizards
  2 jackal skeletons
  10 kobolds
  A leopard gecko skeleton (D:8)
  A quokka skeleton (D:7)
  9 rats
310 creatures vanquished.

Vanquished Creatures (others)
  3 wights (D:9)
  An ooze (D:9)
  8 fungi (D:9)
12 creatures vanquished.

Grand Total: 322 creatures vanquished

Notes
Turn   | Place    | Note
-------+----------+-------------------------------------------
     0 | D:1      | bigdumb the Demigod Fighter began the quest for the Orb.
     0 | D:1      | Reached XP level 1. HP: 18/18 MP: 3/3
   406 | D:1      | Reached XP level 2. HP: 22/25 MP: 4/4
  1275 | D:2      | Reached XP level 3. HP: 31/31 MP: 5/5
  1340 | D:2      | Found a glowing silver altar of Zin.
  1360 | D:2      | Found a shadowy altar of Dithmenos.
  1411 | D:2      | Found a broken altar of Ashenzari.
  1510 | D:2      | Reached skill level 3 in Shields
  1763 | D:2      | Found an iron altar of Okawaru.
  1888 | D:2      | Found an ancient bone altar of Kikubaaqudgha.
  1929 | D:2      | Found a white marble altar of Elyvilon.
  2101 | D:2      | Reached skill level 1 in Dodging
  2104 | D:2      | Reached XP level 4. HP: 38/38 MP: 6/6
  2769 | D:3      | Learned a level 1 spell: Beastly Appendage
  3259 | D:3      | Reached XP level 5. HP: 26/45 MP: 7/7
  3471 | D:3      | Found a sacrificial altar of Ru.
  4499 | D:4      | Noticed Blork the orc
  4517 | D:4      | Killed Blork the orc
  4693 | D:4      | Found a staircase to the Ecumenical Temple.
  5102 | D:4      | Reached XP level 6. HP: 51/51 MP: 8/8
  5707 | D:5      | Entered Level 5 of the Dungeon
  6345 | D:5      | Reached skill level 4 in Shields
  6421 | D:5      | Reached XP level 7. HP: 44/58 MP: 9/9
  7268 | D:6      | Found Giusk's Weapon Shoppe.
  7320 | D:6      | Reached skill level 5 in Long Blades
  7468 | D:6      | Found a burning altar of Makhleb.
  7485 | D:6      | Found Ryischuva's Jewellery Shoppe.
  8240 | D:7      | Found a sacrificial altar of Ru.
  8328 | D:7      | Found Musk's Antique Armour Shop.
  8566 | D:7      | Reached XP level 8. HP: 31/66 MP: 10/10
  9408 | D:7      | Reached skill level 5 in Shields
  9508 | D:7      | Found a shimmering altar of Xom.
 10430 | D:6      | Found Qefaysoj's Distillery.
 10460 | D:6      | Found an opulent altar of Gozag.
 10665 | D:6      | Found Pubuch's Weapon Emporium.
 10854 | D:6      | Reached skill level 5 in Armour
 10875 | D:6      | Found a shimmering blue altar of Sif Muna.
 10964 | D:6      | Found a blossoming altar of Fedhas.
 11281 | D:8      | Reached skill level 6 in Shields
 11288 | D:8      | Reached XP level 9. HP: 58/72 MP: 11/11
 11408 | D:8      | Noticed a boulder beetle
 11450 | D:8      | Got a dazzling ring mail
 11463 | D:8      | Identified the +5 ring mail of the Snail {rPois Regen+
                  | Str-4 Dex+2} (You found it on level 8 of the Dungeon)
 11576 | D:8      | Killed a boulder beetle
 11577 | D:8      | Reached skill level 5 in Dodging
 11630 | D:8      | Reached skill level 7 in Shields
 11763 | D:8      | Noticed Joseph
 11837 | D:8      | Killed Joseph
 11964 | D:9      | Reached skill level 5 in Fighting
 12014 | D:9      | Noticed a centaur warrior
 12031 | D:9      | Killed a centaur warrior
 12032 | D:9      | Reached XP level 10. HP: 53/81 MP: 13/13
 12085 | D:9      | Found the +3 robe of Folly {Archmagi, Will-- Int+5}
 12341 | D:9      | Found a glowing golden altar of the Shining One.
 12347 | D:9      | Found a staircase to the Lair.
 12649 | D:9      | Reached skill level 8 in Shields
 12703 | D:9      | Found a radiant altar of Vehumet.
 12724 | D:9      | Noticed an oklob plant
 13483 | D:10     | Entered Level 10 of the Dungeon
 13483 | D:10     | Found a staircase to the Orcish Mines.
 13870 | D:10     | Found Vosad's Jewellery Boutique.
 14412 | D:10     | Reached skill level 9 in Shields
 14657 | D:11     | Reached XP level 11. HP: 89/89 MP: 14/14
 14869 | D:11     | Noticed a four-headed hydra
 14946 | D:10     | Killed a four-headed hydra
 15248 | D:11     | Noticed a four-headed hydra
 15305 | D:12     | Killed a four-headed hydra
 15328 | D:12     | HP: 1/133 [troll (7)]
 15329 | D:12     | Slain by a troll

Illustrated notes

Levels and vault maps discovered:
D:1:      evilmike_arrival_hilbert_curve, layout_loops_corners,
          kennysheep_crisscross
D:2:      layout_basic, lemuel_doored_altar, okawaru_ov_weapons_minmay,
          lemuel_crystal_altar, lemuel_crystal_altar,
          lemuel_zombie_altar_kikubaaqudgha, overflow_temple_1_default
D:3:      layout_basic, lemuel_coloured_pillars_altar, hangedman_decor_slide_cut
D:4:      layout_loops_corners, minmay_temple_entry_overgrown, serial_rivers,
          chequers_serial_rivers_room_a, chequers_serial_rivers_room_b,
          chequers_serial_rivers_micro_c, chequers_serial_rivers_large_a,
          st_stairs_7, uniq_blork_the_orc
D:5:      layout_loops_ring, columned_hall_lemuel, kennysheep_boxes
D:6:      kennysheep_orc_sif_temple, layout_basic, general_overflow_altar,
          overflow_temple_1_default, nicolae_overflow_crystal_walls,
          serial_rivers, chequers_serial_rivers_micro_d,
          chequers_serial_rivers_small_b, chequers_serial_rivers_small_3,
          chequers_serial_rivers_marsh, serial_shops, nicolae_shop_crystal,
          nicolae_shop_temple_entry_statues_fountains, kennysheep_little_box,
          shop_fountains
D:7:      layout_loops_ring, nicolae_overflow_hidden_temple, serial_shops, shop,
          nicolae_ru_awakened_eye
D:8:      layout_rooms, uniq_joseph
D:9:      lemuel_slime, layout_loops_corners, old_standard_altar,
          fiery_altar_vehumet, lair_entry_dummy, hangedman_abyss_or_decor_stabs,
          kennysheep_island_fort
D:10:     layout_roguey, david_orc_3, serial_shops, nicolae_shop_stone
D:11:     hangedman_what_comes_after_a, layout_long_grid, uniq_gastronok
D:12:     layout_cave_pools

Skill      XL: |  1  2  3  4  5  6  7  8  9 10 11 |
---------------+----------------------------------+-----
Fighting       | 3 4 5 6 |  6.1
Long Blades    | 2 3 4 5 6 7 8 |  8.3
Shields        | 3 4 6 7 9 |  9.7
Armour         | 3 4 5 6 |  6.7
Dodging        | 1 2 3 4 6 7 8 |  8.3
Short Blades   | |  0.3
Stealth        | |  0.1

Action                   |  1- 3 |  4- 6 |  7- 9 | 10-12 || total
-------------------------+-------+-------+-------+-------++-------
Melee: Long sword        |   116 |       |       |       ||   116
       Falchion          |    28 |   358 |   363 |       ||   749
       Short sword       |       |       |   290 |   749 ||  1039
Evoke: Wand              |       |       |     1 |       ||     1
  Use: Potion            |     1 |     6 |     4 |     7 ||    18
       Scroll            |       |     8 |     6 |     2 ||    16
 Stab: Sleeping          |       |       |       |     1 ||     1
Armor: Scale mail        |    30 |       |       |       ||    30
       Chain mail        |    48 |   171 |    15 |       ||   234
       Skin              |       |    23 |     9 |    59 ||    91
       Plate armour      |       |       |   256 |       ||   256
       Ring mail         |       |       |    46 |   206 ||   252
Dodge: Dodged            |    44 |    74 |   184 |   398 ||   700
Block: Kite shield       |    80 |   165 |   386 |   560 ||  1191
       Rpst.: Long sword |     7 |       |       |       ||     7
       Falchion          |     6 |    31 |    20 |       ||    57
